 Dungeon Crawl Stone Soup version 0.28-a0-773-g130ae17fe5 (webtiles) character file.

Game seed: 11988074218226487371

417 iamoutofideas the Chopper (level 6, -4/57 HPs)
             Began as a Deep Dwarf Fighter on Nov 1, 2021.
             Was a Follower of Makhleb.
             Shot with an arrow by a centaur (9 damage)
             ... on level 5 of the Dungeon.
             The game lasted 00:04:37 (3233 turns).

iamoutofideas the Chopper (Deep Dwarf Fighter)      Turns: 3233, Time: 00:04:37

Health: -4/57      AC:  9    Str: 22    XL:     6   Next: 61%
Magic:  6/6        EV:  9    Int:  8    God:    Makhleb [*.....]
Gold:   172        SH:  4    Dex: 12    Spells: 5/5 levels left

rFire   . . .      SeeInvis .   j - +1 whip (vamp)
rCold   . . .      Faith    .   c - +0 buckler
rNeg    . . .      Spirit   .   b - +0 scale mail
rPois   .          Reflect  .   n - +1 helmet
rElec   .          Harm     .   (no cloak)
rCorr   .          Rampage  .   (no gloves)
Will    .....                   (no boots)
Stlth   ..........              (no amulet)
HPRegen 0.00/turn               (no ring)
MPRegen 0.10/turn               (no ring)

@: no status effects
A: damage resistance, heal wounds, sense surroundings 1, no regeneration
a: Heal Wounds, Renounce Religion


You were on level 5 of the Dungeon.
You worshipped Makhleb.
Makhleb was aware of your devotion.
You visited 1 branch of the dungeon, and saw 5 of its levels.

You collected 172 gold pieces.

Inventory:

Hand Weapons
 a - a +0 war axe
 j - a +1 vampiric whip (weapon)
Armour
 b - a +0 scale mail (worn)
 c - a +0 buckler (worn)
 l - a +1 hat
 m - a +0 scale mail
 n - a +1 helmet (worn)
Jewellery
 o - a +4 ring of slaying
Scrolls
 e - 7 scrolls of identify
 f - 3 scrolls of enchant armour
 k - 2 scrolls of teleportation
 p - a scroll of enchant weapon {unknown}
 r - a scroll of noise {unknown}
 t - a scroll of magic mapping {unknown}
Potions
 d - a potion of might
 g - a potion of brilliance
 h - 2 potions of curing
 i - 3 potions of haste
 q - a potion of resistance {unknown}
 s - a potion of ambrosia {unknown}
 u - a potion of degeneration {unknown}


   Skills:
 + Level 4.0 Fighting
 * Level 6.9 Axes
 - Level 3.2 Armour
 - Level 3.3 Shields


You had 5 spell levels left.
You didn't know any spells.
Your spell library contained the following spells:

 Spells                   Type           Power      Damage    Failure   Level
 Beastly Appendage        Tmut           0%         N/A       77%         1
 Wereblood                Tmut           0%         N/A       88%         2
 Spider Form              Tmut/Pois      0%         N/A       98%         3


Dungeon Overview and Level Annotations

Branches:
Dungeon (5/15)
 Temple: D:4-7

Altars:
Makhleb


Innate Abilities, Weirdness & Mutations

You are resistant to damage.
You can heal yourself by infusing magical energy.
You passively map a small area around you.
You do not regenerate.


Message History

Found a potion of haste, a scroll labelled BAW TUQINIPLYRYNT and a chain mail.
There is a stone staircase leading up here.
A shadow imp is nearby!
A shadow imp is nearby!
As you read the scroll labelled EGA CYFIU, it crumbles to dust.
You feel strangely unstable.
It was a scroll of teleportation.
You hit the shadow imp.
The shadow imp is moderately wounded.
You hit the shadow imp.
The shadow imp is almost dead.
The shadow imp shouts, "Slither away, thou yeasty fool-born cross-patch!"
You block the shadow imp's attack.
Your scale mail prevents you from hitting the shadow imp.
The shadow imp is almost dead.
The shadow imp gestures at you. Pain shoots through your body!
* * * LOW HITPOINT WARNING * * *
You hit the shadow imp.
You kill the shadow imp!
Makhleb accepts your kill.
You feel better.
Your surroundings suddenly seem different.
Found a book of Changes.
Found a stone staircase leading down.
There is a stone staircase leading down here.
You start waiting.
Done waiting.
You are too injured to fight recklessly!
A centaur comes into view.
The centaur shouts!
The centaur wields a +0 shortbow.
The centaur shoots an arrow.
The arrow hits you.
* * * LOW HITPOINT WARNING * * *
A centaur is nearby!
A centaur is nearby!
A centaur is nearby!
Okay, then.
You feel better.
The centaur shoots an arrow.
The arrow hits you!
* * * LOW HITPOINT WARNING * * *
The centaur shoots an arrow.
The arrow hits you!
You die...

############
#..........##### *
* #.......>......#
#....:.....###..
#.............. ,
.########......###
.......@..###### *
c########## , * ,
, #### * * ... , *
, * ##.#* * , * *
#<.#* , *
,#..............
,**
..!........###. ,
,


You could see a centaur.

Vanquished Creatures
  An iguana (D:4)
  Ijyb (D:3)
  Terence (D:3)
  5 orc wizards
  A hound skeleton (D:4)
  Robin (D:3)
  An adder (D:3)
  7 gnolls
  A shadow imp (D:5)
  2 worms (D:2)
  3 dart slugs
  15 orcs
  5 bats
  2 endoplasms
  5 giant cockroaches
  8 hobgoblins
  3 quokkas
  7 ball pythons
  A frilled lizard (D:1)
  14 goblins
  7 kobolds
  3 rats
94 creatures vanquished.

Notes
Turn   | Place    | Note
-------+----------+-------------------------------------------
     0 | D:1      | iamoutofideas the Deep Dwarf Fighter began the quest for
                  | the Orb.
     0 | D:1      | Reached XP level 1. HP: 20/20 MP: 1/1
    80 | D:1      | Found a faded altar of an unknown god.
   453 | D:2      | Reached XP level 2. HP: 21/27 MP: 2/2
   493 | D:2      | Reached skill level 3 in Axes
   680 | D:2      | Reached XP level 3. HP: 22/34 MP: 3/3
   792 | D:2      | Reached skill level 4 in Axes
   797 | D:2      | Reached XP level 4. HP: 14/42 MP: 4/4
  1383 | D:3      | Noticed Terence
  1394 | D:3      | Killed Terence
  1461 | D:3      | Found a burning altar of Makhleb.
  1471 | D:3      | Became a worshipper of Makhleb the Destroyer
  1519 | D:3      | Noticed Ijyb
  1537 | D:3      | Paralysed by Ijyb for 3 turns
  1561 | D:3      | Killed Ijyb
  1562 | D:3      | Reached skill level 5 in Axes
  1562 | D:3      | Reached XP level 5. HP: 47/49 MP: 5/5
  1807 | D:3      | Noticed Robin
  1843 | D:3      | Killed Robin
  1862 | D:3      | Reached * piety under Makhleb
  1898 | D:3      | Reached skill level 6 in Axes
  2432 | D:4      | Reached XP level 6. HP: 39/57 MP: 6/6
  3120 | D:5      | Entered Level 5 of the Dungeon
  3233 | D:5      | Shot with an arrow by a centaur

Illustrated notes

Levels and vault maps discovered:
D:1:      onia_arrival_mini_spirals, layout_rooms,
          dreamdust_ecumenical_altar_statues
D:2:      layout_loops_ring
D:3:      layout_basic, mainiacjoe_overflow_boulevard, uniq_ijyb, uniq_robin,
          uniq_terence
D:4:      layout_gridville
D:5:      layout_rooms, grunt_temple_overflow_opulence, hangedman_decor_points

Skill      XL: |  1  2  3  4  5  6 |
---------------+-------------------+-----
Fighting       | 3 4 |  4.0
Axes           | 3 4 5 6 |  6.9
Armour         | |  3.2
Shields        | |  3.3

Action                   |  1- 3 |  4- 6 || total
-------------------------+-------+-------++-------
Melee: War axe           |    78 |    13 ||    91
       Whip              |       |   336 ||   336
 Abil: Heal Wounds       |     1 |     1 ||     2
  Use: Scroll            |       |     5 ||     5
       Potion            |       |     1 ||     1
Armor: Scale mail        |    45 |   157 ||   202
Dodge: Dodged            |    29 |   111 ||   140
Block: Buckler           |    16 |    58 ||    74

Table legend: (Time is in decaauts)
 A = Elapsed time spent in this place.
 B = Non-inter-level travel time spent in this place.
 C = Inter-level travel time spent in this place.
 D = Time resting spent in this place.
 E = Time spent auto-exploring this place.
 F = Levels seen in this place.
 G = Mean time per level.
                   A        B        C        D        E       F      G
               +--------+--------+--------+--------+--------+-----+--------+
         Total |   3250 |   3125 |    125 |    103 |   2209 |   5 |  650.0 |
       Dungeon |   3250 |   3125 |    125 |    103 |   2209 |   5 |  650.0 |
               +--------+--------+--------+--------+--------+-----+--------+

Top non-repeatable levels by time:
     D:3: 1193 daAuts
     D:4: 749 daAuts
     D:2: 741 daAuts
     D:1: 453 daAuts
     D:5: 112 daAuts
